 Dungeon Sprint DCSS version 0.30.0-29-ga12c61a403 (webtiles) character file.

Game seed: 11673171080956840744

11000000 Groucho the Axe Maniac (level 27, -1/228 HPs)
             Began as a Djinni Warper on June 14, 2023.
             Was the Champion of Makhleb.
             Slain by a meat berserker
             ... wielding a +9 battleaxe
              (45 damage)
             ... in the Dungeon (Sprint VIII: "Arena of Blood").
             The game lasted 00:06:24 (110 turns).

Groucho the Axe Maniac (Djinni Warper)               Turns: 110, Time: 00:06:24

Health: -1/228     AC:  6    Str: 10    XL:     27
Gold:   0          EV: 31    Int: 22    God:    Makhleb [******] SH:  0 Dex: 20

rFire   + + .        i - +∞ Axe of Woe
rCold   x . .        (shield currently unavailable)
rNeg    . . .        b - +0 leather armour
rPois   ∞            (no helmet)
rElec   .            (no cloak)
rCorr   .            (no gloves)
SInv    +            (boots unavailable)
Will    ++...        (no amulet)
Stlth   ++++++++++   j - ring of see invisible
HPRegen 0.58/turn    (no ring)
MPRegen 0.00/turn

%: no teleportation, infuse magic (-2 HP)
@: flying, slowed, very slow
A: sickness immunity, fire resistance 2, cold vulnerability 1, float, innate
caster, HP casting, extra vitality 1
a: Renounce Religion, Minor Destruction, Lesser Servant of Makhleb, Major
Destruction, Greater Servant of Makhleb


You were in the Dungeon.
You worshipped Makhleb.
Makhleb was exalted by your worship.
You visited 1 branch

Inventory:

Hand Weapons
 a - a +0 hand axe
 i - the +∞ Axe of Woe (weapon)
   (You found it in the Dungeon)
Missiles
 d - 7 boomerangs of dispersal
Armour
 b - a +0 leather armour (worn)
Jewellery
 j - a ring of see invisible (left hand)
Scrolls
 c - 2 scrolls of blinking
Potions
 e - a potion of curing
 f - a potion of heal wounds
 g - a potion of haste
 h - a potion of berserk rage


   Skills:
 O Level 27 Fighting
 O Level 27 Short Blades
 O Level 27 Long Blades
 O Level 27 Axes
 O Level 27 Maces & Flails
 O Level 27 Polearms
 O Level 27 Staves
 O Level 27 Ranged Weapons
 O Level 27 Throwing
 O Level 27 Armour
 O Level 27 Dodging
 O Level 27 Stealth
 O Level 27 Shields
 O Level 27 Unarmed Combat
 O Level 27 Spellcasting
 O Level 27 Invocations
 O Level 27 Evocations


You knew the following spells:

 Your Spells              Type           Power      Damage    Failure   Level
a - Blink                 Tloc           100%       N/A       0%          2
b - Lesser Beckoning      Tloc           100%       N/A       0%          2
c - Vhi's Electric Charg  Tloc/Air       100%       N/A       0%          3
d - Teleport Other        Tloc           99%        N/A       0%          3
e - Manifold Assault      Tloc           99%        N/A       0%          4
f - Sting                 Tmut/Pois      100%       1d8       0%          1
g - Wereblood             Tmut           99%        N/A       0%          2
h - Inner Flame           Hex/Fire       99%        N/A       0%          3
i - Animate Armour        Summ/Erth      100%       N/A       0%          4
j - Iskenderun's Mystic   Conj/Tloc      99%        2d19      0%          4
k - Alistair's Intoxicat  Tmut/Pois      66%        N/A       0%          5
l - Simulacrum            Ice/Necr       49%        N/A       0%          6
m - Starburst             Conj/Fire      49%        6d14      0%          6
n - Iron Shot             Conj/Erth      49%        9d9       0%          6
o - Discord               Hex            49%        N/A       1%          8
p - Enfeeble              Hex            49%        N/A       0%          7
q - Polar Vortex          Ice            49%        N/A       1%          9
r - Fire Storm            Conj/Fire      49%        8d13      1%          9
Your spell library was empty.

Dungeon Overview and Level Annotations

Branches:
Dungeon (1/1)

Altars:
Makhleb


Innate Abilities, Weirdness & Mutations

You are immune to sickness and miasma.
You are immune to poison.
Your flesh is very heat resistant. (rF++)
You are vulnerable to cold. (rC-)
You float through the air rather than walking.
You learn spells naturally, not from books.
Your magical power is your life essence.
You have superior vitality. (+4 MHP)


Message History

The meat berserker rages.
You hear a roar!
You hear a shout!
You slash the observer!
You dissect the observer like a pig carcass.
You kill the observer!
Makhleb accepts your kill.
You hear a shout! x8
Unknown command.
Unknown command.
Unknown command.
You slash the sculptor of flesh!
You slaughter the sculptor of flesh joyfully.
You destroy the sculptor of flesh!
Makhleb accepts your kill.
You hear a shout! x5
The eight-headed meat hydra calls on the powers of darkness!
The eight-headed meat hydra convulses!
The scourge convulses!
The meat berserker convulses!
Your body is wracked with pain!
A scourge comes into view.
The dread throws damnation at you.
The sphere of damnation explodes!
The damnation engulfs you!!
You hear a shout! x4
Unknown command.
Aiming: Major Destruction (0% risk of failure)
Press: ? - help, Shift-Dir - straight line, f - meat berserker
Aim: a meat berserker, wielding a +9 battleaxe and wearing a +30 ring of slaying (berserk)
The bolt of lightning hits the meat berserker!!
The meat berserker is lightly wounded.
You hear a shout! x5
The meat berserker rages.
You hear a shout!
A meat berserker comes into view. It is wielding a +9 battleaxe.
You hear a shout! x2
The eight-headed meat hydra calls on the powers of darkness!
The eight-headed meat hydra convulses!
The scourge convulses!
The meat berserker convulses!
Your body is wracked with pain!
* * * LOW HITPOINT WARNING * * *
You hear a shout! x2
The meat berserker hits you with a +9 battleaxe!!!
You die...

. #... ..#
...###..) ..###.
..)....†###...)..
#†......._......
.)..).#....)# ..
......#_†<._#..)
O....)#).S..#.D.
#....))))O..S...
.....)O@###......
..)###))).W..###.
.)...#.))....#...
.....#......)#)..
.§....).....).)..
)§)§.).)....)..).
..§..)).).....))#
....).....))).##.
.M†.#))...)).#..)


You could see an eight-headed meat hydra, 2 scourges, a dread and 3 meat
berserkers.

Vanquished Creatures
  7 hell beasts (D)
  10 royal mummies (D)
  6 great orbs of eyes (D)
  4 wraiths (D)
  4 vampire knights (D)
  34 ogres (D)
  4 two-headed ogres (D)
  8 liches (D)
  6 hydras (D)
  7 phantoms (D)
  40 orcs (D)
  7 skeletal warriors (D)
  4 sea snakes (D)
141 creatures vanquished.

Notes
Turn   | Place    | Note
-------+----------+-------------------------------------------
     0 | D        | Found the +∞ Axe of Woe
     0 | D        | Groucho the Djinni Warper began the quest for the Orb.
     0 | D        | Groucho set off with the following spells memorised: Blink,
                  | Lesser Beckoning, Vhi's Electric Charge, Teleport Other,
                  | Manifold Assault.
     0 | D        | Reached XP level 1. HP: 18/18 MP: 0/0
     2 | D        | Noticed a bag of meat
     3 | D        | Noticed a meat berserker
     4 | D        | Became a worshipper of Makhleb the Destroyer
     5 | D        | Noticed a meat berserker
     5 | D        | Noticed a bag of meat
     7 | D        | Killed a meat berserker
     7 | D        | Noticed a meat berserker
     7 | D        | Noticed a bag of meat
     8 | D        | Reached XP level 2. HP: 23/23 MP: 0/0
     8 | D        | Reached XP level 3. HP: 28/28 MP: 0/0
     8 | D        | Learned a level 1 spell: Sting
     8 | D        | Reached XP level 4. HP: 33/33 MP: 0/0
     8 | D        | Reached XP level 5. HP: 38/38 MP: 0/0
     8 | D        | Learned a level 2 spell: Wereblood
     8 | D        | Reached XP level 6. HP: 43/43 MP: 0/0
     8 | D        | Reached XP level 7. HP: 49/49 MP: 0/0
     8 | D        | Learned a level 3 spell: Inner Flame
     8 | D        | Reached XP level 8. HP: 54/54 MP: 0/0
     8 | D        | Reached XP level 9. HP: 58/58 MP: 0/0
     8 | D        | Learned a level 4 spell: Animate Armour
     8 | D        | Reached XP level 10. HP: 64/64 MP: 0/0
     8 | D        | Reached XP level 11. HP: 68/68 MP: 0/0
     8 | D        | Learned a level 4 spell: Iskenderun's Mystic Blast
     8 | D        | Reached XP level 12. HP: 74/74 MP: 0/0
     8 | D        | Killed a bag of meat
     8 | D        | Reached * piety under Makhleb
     8 | D        | Killed a bag of meat
     8 | D        | Killed a meat berserker
     9 | D        | Reached skill level 15 in Spellcasting
     9 | D        | Reached XP level 13. HP: 74/78 MP: 0/0
     9 | D        | Learned a level 5 spell: Alistair's Intoxication
     9 | D        | Reached XP level 14. HP: 81/85 MP: 0/0
     9 | D        | Killed a meat berserker
     9 | D        | Reached ** piety under Makhleb
    10 | D        | Reached XP level 15. HP: 89/89 MP: 0/0
    10 | D        | Learned a level 6 spell: Simulacrum
    10 | D        | Noticed a meat berserker
    10 | D        | Noticed a meat berserker
    12 | D        | Noticed a meat berserker
    13 | D        | Noticed a meat berserker
    14 | D        | Killed a meat berserker
    14 | D        | Reached *** piety under Makhleb
    15 | D        | Reached XP level 16. HP: 94/94 MP: 0/0
    15 | D        | Killed a meat berserker
    16 | D        | Reached skill level 27 in Axes
    16 | D        | Killed a meat berserker
    16 | D        | Reached **** piety under Makhleb
    16 | D        | Noticed a meat berserker
    17 | D        | Reached skill level 27 in Dodging
    17 | D        | Reached XP level 17. HP: 99/99 MP: 0/0
    17 | D        | Learned a level 6 spell: Starburst
    18 | D        | Killed a meat berserker
    19 | D        | Noticed a meat berserker
    20 | D        | Reached skill level 27 in Spellcasting
    20 | D        | Reached ***** piety under Makhleb
    21 | D        | Reached skill level 5 in Polearms
    21 | D        | Reached XP level 18. HP: 116/116 MP: 0/0
    22 | D        | Killed a meat berserker
    23 | D        | Reached XP level 19. HP: 146/146 MP: 0/0
    23 | D        | Learned a level 6 spell: Iron Shot
    23 | D        | Reached ****** piety under Makhleb
    23 | D        | Killed a meat berserker
    23 | D        | Noticed a destroyer
    24 | D        | Noticed a meat berserker
    26 | D        | Killed a meat berserker
    26 | D        | Killed a destroyer
    27 | D        | Reached XP level 20. HP: 176/176 MP: 0/0
    27 | D        | Noticed a meat berserker
    28 | D        | Killed a meat berserker
    29 | D        | Reached skill level 27 in Fighting
    29 | D        | Reached skill level 27 in Invocations
    29 | D        | Reached XP level 21. HP: 187/187 MP: 0/0
    29 | D        | Learned a level 8 spell: Discord
    29 | D        | Noticed an eight-headed meat hydra
    29 | D        | Noticed a destroyer
    30 | D        | Noticed a large bag of meat
    31 | D        | Killed a large bag of meat
    31 | D        | Killed a nine-headed meat hydra
    32 | D        | Reached skill level 27 in Polearms
    32 | D        | Killed a destroyer
    33 | D        | Reached skill level 15 in Stealth
    33 | D        | Reached XP level 22. HP: 194/194 MP: 0/0
    33 | D        | Noticed a meat berserker
    34 | D        | Killed a meat berserker
    34 | D        | Noticed a meat berserker
    36 | D        | Killed a meat berserker
    36 | D        | Noticed a meat berserker
    37 | D        | Reached skill level 27 in Armour
    39 | D        | Reached XP level 23. HP: 201/201 MP: 0/0
    39 | D        | Learned a level 7 spell: Enfeeble
    42 | D        | Reached skill level 27 in Stealth
    42 | D        | Reached skill level 5 in Short Blades
    42 | D        | Reached skill level 5 in Long Blades
    42 | D        | Reached skill level 5 in Maces & Flails
    42 | D        | Reached skill level 5 in Staves
    42 | D        | Reached skill level 5 in Ranged Weapons
    42 | D        | Reached skill level 5 in Throwing
    42 | D        | Noticed a destroyer
    43 | D        | Killed a destroyer
    45 | D        | Reached skill level 10 in Maces & Flails
    45 | D        | Reached skill level 10 in Ranged Weapons
    45 | D        | Reached skill level 10 in Throwing
    45 | D        | Reached XP level 24. HP: 208/208 MP: 0/0
    45 | D        | Noticed a tyrant
    45 | D        | Noticed a destroyer
    46 | D        | Noticed an accursed
    46 | D        | Killed a destroyer
    46 | D        | Killed a tyrant
    46 | D        | Killed an accursed
    46 | D        | Noticed a large bag of meat
    47 | D        | Reached skill level 15 in Shields
    47 | D        | Reached skill level 15 in Unarmed Combat
    47 | D        | Reached skill level 15 in Evocations
    47 | D        | Killed a large bag of meat
    48 | D        | Reached skill level 15 in Throwing
    48 | D        | Reached XP level 25. HP: 214/214 MP: 0/0
    48 | D        | Learned a level 9 spell: Polar Vortex
    49 | D        | Noticed a tyrant
    49 | D        | Killed a tyrant
    50 | D        | Reached skill level 15 in Maces & Flails
    50 | D        | Reached skill level 15 in Ranged Weapons
    53 | D        | Noticed a large bag of meat
    55 | D        | Noticed an accursed
    55 | D        | Killed an accursed
    55 | D        | Killed a large bag of meat
    56 | D        | Reached XP level 26. HP: 112/221 MP: 0/0
    56 | D        | Noticed an accursed
    57 | D        | Killed an accursed
    63 | D        | Noticed a meat beast
    63 | D        | Killed a meat beast
    64 | D        | Reached XP level 27. HP: 222/228 MP: 0/0
    64 | D        | Learned a level 9 spell: Fire Storm
    64 | D        | Noticed a meat beast
    64 | D        | Noticed a tyrant
    65 | D        | Noticed a dread
    65 | D        | Killed a tyrant
    65 | D        | Killed a meat beast
    65 | D        | Killed a dread
    65 | D        | Noticed a meat beast
    66 | D        | Reached skill level 27 in Shields
    66 | D        | Reached skill level 27 in Unarmed Combat
    66 | D        | Reached skill level 27 in Evocations
    66 | D        | Killed a meat beast
    67 | D        | Reached skill level 27 in Short Blades
    67 | D        | Reached skill level 27 in Long Blades
    67 | D        | Reached skill level 27 in Staves
    68 | D        | Noticed a meat beast
    68 | D        | Killed a meat beast
    69 | D        | Reached skill level 27 in Maces & Flails
    69 | D        | Reached skill level 27 in Ranged Weapons
    69 | D        | Reached skill level 27 in Throwing
    69 | D        | Noticed a dread
    70 | D        | Noticed a meat beast
    71 | D        | Killed a meat beast
    71 | D        | Killed a dread
    80 | D        | Noticed a meat beast
    80 | D        | Noticed a dread
    80 | D        | Noticed a tyrant
    81 | D        | Noticed a tyrant
    81 | D        | Noticed a meat beast
    83 | D        | Killed a meat beast
    83 | D        | Killed a tyrant
    84 | D        | Killed a tyrant
    84 | D        | Killed a meat beast
    84 | D        | Noticed an accursed
    85 | D        | Killed an accursed
    86 | D        | Noticed a tyrant
    87 | D        | Killed a tyrant
    88 | D        | Killed a dread
    90 | D        | Noticed a tyrant
    90 | D        | Killed a tyrant
    90 | D        | Noticed a large bag of meat
    90 | D        | Noticed an accursed
    91 | D        | Noticed an accursed
    92 | D        | Killed an accursed
    92 | D        | Killed an accursed
    92 | D        | Killed a large bag of meat
    93 | D        | Noticed an accursed
    93 | D        | Killed an accursed
    93 | D        | Noticed a tyrant
    94 | D        | Killed a tyrant
    96 | D        | Noticed an accursed
    97 | D        | Noticed an accursed
    97 | D        | Noticed an accursed
    99 | D        | Noticed a dread
   100 | D        | Killed a dread
   100 | D        | Noticed an accursed
   101 | D        | Killed an accursed
   101 | D        | Killed an accursed
   106 | D        | Killed an accursed
   106 | D        | Noticed a dread
   110 | D        | Slain by a meat berserker

Illustrated notes

Levels and vault maps discovered:
D:        meatsprint

Skill      XL: |  1  2  3  4  5  6  7  8  9 10 11 12 13 14 15 16 17 18 19 20 21 22 23 24 25 26 27 |
---------------+----------------------------------------------------------------------------------+-----
Axes           | 17 22 23 26 27 | 27.0
Dodging        | 16 20 22 24 27 | 27.0
Spellcasting   | 12 15 16 18 22 27 | 27.0
Fighting       | 6 16 25 27 | 27.0
Polearms       | 5 13 21 24 27 | 27.0
Invocations    | 6 16 25 27 | 27.0
Armour         | 22 27 | 27.0
Stealth        | 15 26 27 | 27.0
Short Blades   | 11 16 19 23 27 | 27.0
Long Blades    | 11 16 19 22 27 | 27.0
Maces & Flails | 10 14 17 21 27 | 27.0
Staves         | 11 16 19 22 27 | 27.0
Ranged Weapons | 10 14 17 21 27 | 27.0
Throwing       | 10 15 17 21 27 | 27.0
Shields        | 11 17 20 24 27 | 27.0
Unarmed Combat | 12 17 20 24 27 | 27.0
Evocations     | 12 17 20 24 27 | 27.0

Action                     |  1- 3 |  4- 6 |  7- 9 | 10-12 | 13-15 | 16-18 | 19-21 | 22-24 | 25-27 || total
---------------------------+-------+-------+-------+-------+-------+-------+-------+-------+-------++-------
  Melee: Executioner's axe |     1 |       |       |     3 |     3 |    10 |    18 |    20 |    76 ||   131
   Cast: Manifold Assault  |       |       |       |     1 |     1 |     1 |     5 |    10 |    28 ||    46
 Invoke: Major Destruction |       |       |       |       |       |       |       |       |     1 ||     1
   Stab: Distracted        |       |       |       |       |       |       |       |       |     1 ||     1
  Dodge: Dodged            |       |       |       |       |       |       |       |       |     2 ||     2
